 Dungeon Crawl Stone Soup version 0.20-a0-1078-g4874019 (webtiles) character file.

123386 Lochraine the Unseen (level 16, -5/81 HPs)
             Began as a Spriggan Enchanter on Apr 29, 2017.
             Was the Champion of Nemelex Xobeh.
             Killed from afar by a guardian serpent (18 damage)
             ... with a bolt of poison
             ... on level 1 of the Snake Pit on Apr 30, 2017.
             The game lasted 03:07:11 (31573 turns).

Lochraine the Unseen (Spriggan Enchanter)          Turns: 31573, Time: 03:07:11

Health: -5/81      AC: 17    Str:  6    XL:     16   Next: 36%
Magic:  28/31      EV: 28    Int: 20    God:    Nemelex Xobeh [******]
Gold:   1970       SH:  6    Dex: 21    Spells: 4/35 levels left

rFire    . . .     SeeInvis +   b - +2 rapier (elec)
rCold    + . .     Gourm    .   (shield restricted)
rNeg     . . .     Faith    .   D - +0 troll leather armour
rPois    .         Spirit   .   Z - +2 hat {Int+3}
rElec    .         Reflect  +   A - +2 cloak
rCorr    .         Harm     .   (gloves unavailable)
MR       ++...                  (boots unavailable)
Stlth    ++++++....             m - +6 amulet of reflection
Regen    0.7/turn               s - ring of Robustness {AC+8}
MPRegen  0.3/turn               L - ring of protection from cold

@: lethally poisoned (-5 -> -31), very quick
A: unfitting armour, see invisible, herbivore 3, speed 3, slow metabolism 2
a: Triple Draw, Deal Four, Stack Five, Renounce Religion


You were on level 1 of the Snake Pit.
You worshipped Nemelex Xobeh.
Nemelex Xobeh was exalted by your worship.
You were very hungry.

You visited 6 branches of the dungeon, and saw 26 of its levels.
You visited the Abyss 1 time.
You also visited: Ossuary and Ice Cave.

You collected 2966 gold pieces.
You spent 996 gold pieces at shops.

Inventory:

Hand Weapons
 b - a +2 rapier of electrocution (weapon)
 q - a +1 long sword of electrocution
 r - a +1 dagger of speed
 v - the +4 long sword "Eviscerator" {flame, Dex+4}
   (You bought it in a shop on level 10 of the Dungeon)

   It has been specially enchanted to burn those struck by it, causing extra
   injury to most foes and up to half again as much damage against particularly
   susceptible opponents.
   Big, fiery blades are also staple armaments of hydra-hunters.
   It affects your dexterity (+4).
Armour
 A - a +2 cloak (worn)
 D - a +0 troll leather armour (worn)
 Z - a +2 hat of intelligence (worn)
Jewellery
 m - a +6 amulet of reflection (around neck)
 o - an uncursed amulet of magic regeneration
 s - the ring of Robustness (left hand) {AC+8}
   (You found it on level 4 of the Dungeon)

   [ring of protection]

   It affects your AC (+8).
 B - an uncursed ring of fire
 J - an uncursed ring of flight
 L - a ring of protection from cold (right hand)
 Q - a +3 ring of evasion
 Y - an uncursed ring of protection from magic
Wands
 c - a wand of paralysis (7/24)
 G - a wand of flame (31/48)
 H - a wand of confusion (23/48)
 I - a wand of paralysis (19/24)
 T - a wand of paralysis (15/24)
Scrolls
 e - a scroll of blinking
 h - 5 scrolls of magic mapping
 i - 12 scrolls of remove curse
 w - 5 scrolls of amnesia
 C - 2 scrolls of recharging
 K - a scroll of fear
 M - 6 scrolls of identify
 R - 3 scrolls of teleportation
Potions
 f - 2 potions of magic
 j - 5 potions of flight
 k - 3 potions of cancellation
 l - 6 potions of might
 n - 2 potions of resistance
 p - 2 potions of mutation
 t - 2 potions of brilliance
 u - 3 potions of berserk rage
 x - 3 potions of agility
 y - 2 potions of lignification
 z - 3 potions of haste
 O - a potion of heal wounds
 V - 4 potions of curing
Books
 a - a book of Misfortune

   Spells                             Type                      Level
   a - Confusing Touch                Hexes                        1
   b - Confuse                        Hexes                        3
   c - Gell's Gravitas                Translocation                3
   d - Petrify                        Transmutation/Earth          4
   e - Metabolic Englaciation         Hexes/Ice                    5
   f - Yara's Violent Unravelling     Hexes/Transmutation          5
Miscellaneous
 g - a legendary deck of escape {drawn: 4}
 E - an ornate deck of escape {the Shaft, left: 2}
 F - a legendary deck of summoning
 P - an ornate deck of escape {drawn: 3}
 S - an ornate deck of escape {the Cloud, left: 3}
 U - a plain deck of summoning {drawn: 3}
 W - a legendary deck of escape
Comestibles
 d - 9 bread rations
 N - 12 fruits
 X - 14 royal jellies


   Skills:
 - Level 8.2 Fighting
 - Level 12.0(12.1) Short Blades
 - Level 2.0(6.2) Long Blades
 - Level 12.4 Dodging
 - Level 15.9 Stealth
   Level 1.8 Shields
 + Level 10.1 Spellcasting
 + Level 11.6 Hexes
 - Level 5.9 Charms
 * Level 7.6 Summonings
 + Level 11.2 Translocations
 - Level 1.4 Ice Magic
 - Level 12.4 Invocations
 - Level 7.9 Evocations


You had 4 spell levels left.
You knew the following spells:

 Your Spells              Type           Power        Failure   Level  Hunger
a - Corona                Hex            ######.      1%          1    None
b - Ensorcelled Hibernat  Hex/Ice        #####.       1%          2    None
c - Confuse               Hex            ######..     1%          3    None
d - Tukima's Dance        Hex            ######..     1%          3    None
e - Shroud of Golubria    Chrm/Tloc      #####.....   1%          2    None
f - Dazzling Spray        Conj/Hex       ####..       3%          3    None
g - Spectral Weapon       Hex/Chrm       #####...     1%          3    None
h - Regeneration          Chrm/Necr      ###.......   10%         3    None
i - Summon Forest         Summ/Tloc      #####.....   6%          5    ####...
j - Summon Mana Viper     Hex/Summ       #####...     5%          5    ####...
k - Summon Butterflies    Summ           #####...     1%          1    None


Dungeon Overview and Level Annotations

Branches:
Dungeon (15/15)            Temple (1/1) D:6            Lair (6/6) D:11
 Shoals (0/4) Lair:2        Snake (1/4) Lair:4        Slime (0/5) Lair:5
    Orc (2/2) D:11            Elf (1/3) Orc:2        Vaults (0/5) D:14
 Depths (0/5) D:15

Altars:
Ashenzari
Cheibriados
Dithmenos
Elyvilon
Fedhas
Gozag
Hepliaklqana
Kikubaaqudgha
Makhleb
Nemelex Xobeh
Okawaru
Qazlal
Ru
Sif Muna
Trog
Uskayaw
Vehumet
Wu Jian
Xom
Yredelemnul
Zin
The Shining One
Beogh
Jiyva

Shops:
D:10 (   D:13 !   Orc:2 (((*   Snake:1 [

Annotations:
D:8 dxctxrx's ghost, novice FoFi
D:9 herpmino's ghost, novice VSGl
D:13 exclusion: obsidian statue
Lair:2 exclusion: 3 oklob plants
Lair:4 exclusion: oklob plant


Innate Abilities, Weirdness & Mutations

You are very small and have problems with some larger weapons.
You are too small for most types of armour.
You have supernaturally acute eyesight. (SInv)
You are a herbivore.
You cover ground extremely quickly.
You need consume almost no food.


Message History

The naga dies!
The naga mage casts a spell at you. The poison arrow hits you!
You are more poisoned.
* * * LOW HITPOINT WARNING * * *
The guardian serpent barely misses you.
You feel sick.
You feel sick.
Your ice beast hits the naga mage.
Your ice beast freezes the naga mage.
Your raiju barely misses the naga mage.
* * * LOW HITPOINT WARNING * * *
You feel sick. The naga mage spits poison at you.
The splash of poison hits your raiju.
Your raiju is poisoned.
Your mana viper closely misses the naga mage.
The guardian serpent coils itself and waves its upper body at you.
The bolt of poison hits you!
You are lethally poisoned!
You die...
Your body glows with a rainbow of weird colours and disappears.

##.......##......................
'........##......................
##.......##......................
##.......##..)...................
##....[..##...SY..###############
##..........l.N...########
##............Sh..........
##....>...................
##..............@.........
##########................
###########.......####+### #
.....>...##......## #######
.).......##......# #......
.........'.......# #......
.........##......# #......
###########).....# #....##
##########.)....############...##


You could see a guardian serpent, a naga mage, a friendly mana viper, a friendly
raiju, a friendly basilisk and a friendly ice beast.

Vanquished Creatures
  Gastronok (Lair:3)
  Kirke (Snake:1)
  An emperor scorpion (Orc:1)
  An orc warlord (Orc:2)
  A stone giant (Orc:2)
  Nessos (D:14)
  Azrael (D:13)
  Snorg (Lair:3)
  7 hydras
  A catoblepas (Lair:4)
  4 centaur warriors
  3 vault guards (D:14)
  11 two-headed ogres
  An anaconda (Snake:1)
  A death knight (D:15)
  A naga warrior (Snake:1)
  A tengu warrior (D:15)
  3 death yaks
  3 orc high priests (Orc:2)
  An unseen horror (D:11)
  2 skeletal warriors (D:13)
  A sea snake (D:13)
  2 wizards
  5 orc knights (Orc:2)
  2 lindwurms (Lair:6)
  A deep elf archer (Elf:1)
  7 deep elf magi
  9 ugly things
  2 orc sorcerers (Orc:2)
  2 manticores
  2 salamanders
  3 mana vipers (Snake:1)
  3 cyclopes
  12 elephants
  8 black mambas
  3 centaur zombies
  2 torpor snails (Lair:5)
  2 rime drakes
  11 spiny frogs
  2 kobold demonologists
  A freezing wraith (D:15)
  8 komodo dragons
  A queen bee (Lair:2)
  9 polar bears
  5 trolls
  Prince Ribbit (D:6)
  7 dream sheep
  15 blink frogs
  A slime creature (shapeshifter) (D:15)
  2 hornets
  12 hippogriffs
  5 slime creatures (D:15)
  A meliai zombie (D:15)
  A redback (Orc:2)
  3 shadows
  3 wraiths
  A water elemental (D:15)
  9 wyverns
  55 yaks
  A tarantella (Orc:2)
  A fire elemental (D:13)
  5 fire bats
  2 hogs (Snake:1)
  6 basilisks
  4 hungry ghosts
  10 vampire mosquitoes
  Edmund (D:6)
  A warg (Orc:2)
  4 nagas
  16 water moccasins
  3 hell hounds
  7 porcupines
  6 ice beasts
  2 sky beasts
  A black bear (Lair:3)
  39 orc warriors
  6 phantoms
  An eye of draining (D:11)
  19 ogres
  7 centaurs
  A boggart (Lair:2)
  A necrophage (D:7)
  20 wolves
  12 crocodiles
  11 big kobolds
  23 bullfrogs
  3 gnoll sergeants
  49 killer bees
  4 scorpions
  A wyvern skeleton (D:9)
  3 wights (D:12)
  9 howler monkeys
  3 electric eels
  7 crimson imps
  A lava snake (Lair:6)
  A bullfrog zombie (D:12)
  9 hounds
  5 jellies
  3 bullfrog skeletons
  23 orc priests
  22 orc wizards
  5 centaur skeletons
  4 iguanas
  9 worker ants
  2 hell rats
  A hound zombie (D:7)
  2 hound skeletons
  A worker ant zombie (D:5)
  Robin (D:2)
  3 gnolls (D:9)
  13 adders
  A river rat (Orc:2)
  4 shadow imps
  2 white imps
  An ooze (D:13)
  An adder skeleton (D:5)
  4 worms
  A dart slug (D:1)
  5 leopard geckos
  98 orcs
  4 ball pythons
  7 bats
  2 giant cockroaches
  15 goblins
  9 hobgoblins
  10 jackals
  18 kobolds
  7 quokkas
  12 frilled lizards
  A quokka skeleton (D:7)
  8 rats
  A plant (D:15)
871 creatures vanquished.

Vanquished Creatures (collateral kills)
  An entropy weaver (D:14)
  A fire dragon (D:14)
  A catoblepas (Lair:6)
  3 hydras
  A death yak (Lair:5)
  An orc high priest (Orc:2)
  3 skeletal warriors (D:13)
  A naga ritualist (Snake:1)
  2 deep elf magi (Elf:1)
  2 ugly things (D:13)
  5 slime creatures
  A guardian serpent (D:14)
  2 elephants
  A naga mage (Snake:1)
  2 gargoyles
  A spiny frog (Lair:6)
  A rime drake (Lair:6)
  2 kobold demonologists (D:11)
  A queen bee (Lair:3)
  A hippogriff (Lair:6)
  A wind drake (D:14)
  6 blink frogs
  3 dream sheep (Lair:5)
  A redback (D:14)
  A shadow (D:15)
  24 yaks
  A fire elemental (D:13)
  2 fire bats (Lair:6)
  A basilisk (Lair:3)
  3 nagas (Snake:1)
  2 water moccasins
  3 hell hounds (D:13)
  A soldier ant (D:13)
  A sky beast (D:13)
  6 orc warriors
  An ogre (D:13)
  6 wolves
  3 crocodiles
  A big kobold (D:11)
  A gnoll sergeant (D:11)
  3 killer bees (Lair:2)
  3 orc wizards
  6 orc priests
  11 white imps (D:13)
  13 orcs
  2 kobolds (D:11)
  A plant (Lair:5)
140 creatures vanquished.

Vanquished Creatures (others)
  Nikola (Snake:1)
  A death yak (Lair:6)
  A mana viper (Snake:1)
  A manticore (Lair:6)
  A water elemental (Elf:1)
  A steam dragon (Orc:1)
  An acid dragon (Orc:1)
  An orc warrior (Orc:1)
  A wolf (Orc:1)
  An orc priest (Orc:2)
  A hound (Orc:1)
  An iguana (Orc:1)
  An orc wizard (Orc:1)
  A gnoll (Orc:1)
  An ooze (Orc:1)
  2 orcs
  A ball python (Orc:1)
  6 fungi
  17 plants
  4 spectral weapons
45 creatures vanquished.

Grand Total: 1056 creatures vanquished

Notes
Turn   | Place    | Note
-------+----------+-------------------------------------------
     0 | D:1      | Lochraine the Spriggan Enchanter began the quest for the Orb.
     0 | D:1      | Reached XP level 1. HP: 9/9 MP: 5/5
   449 | D:1      | Reached XP level 2. HP: 11/13 MP: 2/6
   454 | D:1      | Learned a level 2 spell: Ensorcelled Hibernation
   910 | D:1      | Reached skill level 5 in Stealth
  1252 | D:2      | Reached XP level 3. HP: 16/16 MP: 0/8
  1580 | D:2      | Learned a level 3 spell: Confuse
  1702 | D:2      | Noticed Robin
  1754 | D:2      | Killed Robin
  1774 | D:2      | Reached XP level 4. HP: 17/21 MP: 2/9
  2497 | D:3      | Reached skill level 1 in Shields
  2497 | D:3      | Reached skill level 1 in Ice Magic
  2825 | D:3      | Learned a level 3 spell: Tukima's Dance
  2916 | D:4      | Noticed an ogre
  2917 | D:4      | Killed an ogre
  2917 | D:4      | Reached skill level 6 in Stealth
  2917 | D:4      | Reached XP level 5. HP: 24/24 MP: 11/11
  2977 | D:4      | Noticed an ogre
  2984 | D:4      | Killed an ogre
  2984 | D:4      | Reached XP level 6. HP: 28/28 MP: 5/13
  3574 | D:4      | Found a glowing golden altar of the Shining One.
  3587 | D:4      | Reached skill level 1 in Fighting
  3645 | D:5      | Entered Level 5 of the Dungeon
  3645 | D:5      | Found a sand-covered staircase.
  3802 | Ossuary  | Entered an ossuary
  4088 | D:5      | Reached XP level 7. HP: 27/33 MP: 14/14
  4109 | D:5      | Reached skill level 7 in Stealth
  4119 | D:5      | Reached skill level 5 in Hexes
  4483 | D:5      | Reached skill level 5 in Dodging
  4906 | D:6      | Noticed Edmund
  4917 | D:6      | Killed Edmund
  4917 | D:6      | Reached XP level 8. HP: 34/39 MP: 8/15
  4972 | D:6      | Found a staircase to the Ecumenical Temple.
  4980 | Temple   | Entered the Ecumenical Temple
  5130 | Temple   | Became a worshipper of Nemelex Xobeh the Trickster
  5203 | D:6      | Noticed a moth of wrath
  5206 | D:6      | Found a bloodstained altar of Trog.
  5372 | D:6      | Noticed Prince Ribbit
  5400 | D:6      | Killed Prince Ribbit
  5400 | D:6      | Reached skill level 5 in Short Blades
  5400 | D:6      | Reached skill level 1 in Invocations
  5425 | D:6      | Received a gift from Nemelex Xobeh
  5584 | D:6      | Found a bloodstained altar of Trog.
  6027 | D:7      | Found a blossoming altar of Fedhas.
  6027 | D:7      | Reached * piety under Nemelex Xobeh
  6269 | D:7      | Found a glowing golden altar of the Shining One.
  6459 | D:8      | Found a sacrificial altar of Ru.
  6462 | D:8      | Reached XP level 9. HP: 43/43 MP: 16/16
  6521 | D:8      | Noticed a two-headed ogre
  6541 | D:8      | Received a gift from Nemelex Xobeh
  6542 | D:8      | Killed a two-headed ogre
  6556 | D:8      | Reached skill level 5 in Invocations
  6626 | D:8      | Noticed dxctxrx's ghost (novice FoFi)
  7524 | D:8      | Reached ** piety under Nemelex Xobeh
  7916 | D:9      | Noticed a two-headed ogre
  7919 | D:9      | Killed a two-headed ogre
  7919 | D:9      | Reached XP level 10. HP: 40/49 MP: 14/17
  8445 | D:9      | Noticed a cyclops
  8449 | D:9      | Killed a cyclops
  8514 | D:9      | Found a blossoming altar of Fedhas.
  8586 | D:9      | Noticed herpmino's ghost (novice VSGl)
  8663 | D:9      | Noticed a white ugly thing
  8666 | D:9      | Killed a white ugly thing
  8666 | D:9      | Reached skill level 5 in Fighting
  8749 | D:9      | Found a burning altar of Makhleb.
  9009 | D:10     | Entered Level 10 of the Dungeon
  9014 | D:10     | Received a gift from Nemelex Xobeh
  9033 | D:10     | Found Opallo's Antique Weapon Shoppe.
  9036 | D:10     | Noticed a gargoyle
  9051 | D:10     | Killed a gargoyle
  9059 | D:10     | Bought a polished long sword for 255 gold pieces
  9060 | D:10     | Identified the +4 long sword "Eviscerator" {flame, Dex+4} (You bought it in a shop on level 10 of the Dungeon)
  9170 | D:10     | Reached *** piety under Nemelex Xobeh
  9367 | D:10     | Reached skill level 1 in Long Blades
  9740 | D:11     | Noticed a rust devil
  9744 | D:11     | Cast into level 1 of the Abyss (drawing a card)
  9796 | Abyss:1  | Noticed a starcursed mass
  9925 | D:11     | Escaped the Abyss
 10150 | D:11     | Noticed a gargoyle
 10164 | D:11     | Killed a gargoyle
 10400 | D:11     | Reached XP level 11. HP: 56/56 MP: 18/18
 10411 | D:11     | Reached **** piety under Nemelex Xobeh
 10416 | D:11     | Received a gift from Nemelex Xobeh
 10492 | D:11     | Noticed a six-headed hydra
 10517 | D:11     | Killed a one-headed hydra
 10544 | D:11     | Found a staircase to the Orcish Mines.
 11087 | D:11     | Found a staircase to the Lair.
 11168 | D:11     | Received a gift from Nemelex Xobeh
 11608 | D:11     | Noticed an unseen horror
 11615 | D:11     | Killed an unseen horror
 11615 | D:11     | Reached skill level 10 in Short Blades
 12187 | Lair:1   | Entered Level 1 of the Lair of Beasts
 12189 | Lair:1   | You fall through a shaft!
 12310 | Lair:1   | Received a gift from Nemelex Xobeh
 12660 | Lair:1   | Reached ***** piety under Nemelex Xobeh
 12722 | Lair:1   | Reached skill level 10 in Dodging
 12722 | Lair:1   | Reached XP level 12. HP: 61/61 MP: 14/19
 12973 | Lair:1   | Reached skill level 8 in Stealth
 12982 | Lair:1   | Learned a level 2 spell: Shroud of Golubria
 13157 | Lair:2   | Received a gift from Nemelex Xobeh
 13394 | Lair:2   | Reached skill level 1 in Charms
 13394 | Lair:2   | Reached skill level 1 in Translocations
 13508 | Lair:2   | Noticed a seven-headed hydra
 13518 | Lair:2   | Killed a six-headed hydra
 13653 | Lair:2   | Reached skill level 9 in Stealth
 14014 | Lair:2   | Reached skill level 10 in Stealth
 14410 | Lair:2   | Reached skill level 10 in Invocations
 14596 | Lair:2   | Found a staircase to the Shoals.
 14785 | Lair:3   | Received a gift from Nemelex Xobeh
 14942 | Lair:3   | Reached skill level 11 in Stealth
 15034 | Lair:3   | Noticed Gastronok
 15092 | Lair:3   | Killed Gastronok
 15092 | Lair:3   | Reached skill level 5 in Charms
 15092 | Lair:3   | Reached skill level 5 in Translocations
 15379 | Lair:3   | Noticed Snorg
 15396 | Lair:3   | Killed Snorg
 15445 | Lair:3   | Received a gift from Nemelex Xobeh
 15708 | Lair:3   | Learned a level 3 spell: Dazzling Spray
 15751 | Lair:3   | Reached XP level 13. HP: 65/65 MP: 21/21
 16028 | Lair:4   | Found a staircase to the Snake Pit.
 16405 | Lair:4   | Received a gift from Nemelex Xobeh
 16472 | Lair:4   | Reached skill level 12 in Stealth
 16782 | Lair:4   | Reached skill level 1 in Evocations
 17821 | Lair:5   | Received a gift from Nemelex Xobeh
 17834 | Lair:5   | Reached skill level 13 in Stealth
 18224 | Lair:5   | Learned a level 3 spell: Spectral Weapon
 19017 | Lair:5   | Received a gift from Nemelex Xobeh
 19325 | Lair:5   | Reached skill level 14 in Stealth
 19562 | Lair:5   | Found a viscous altar of Jiyva.
 19563 | Lair:5   | Found a staircase to the Slime Pits.
 19705 | Lair:6   | Entered Level 6 of the Lair of Beasts
 19734 | Lair:6   | Reached skill level 5 in Evocations
 19967 | Lair:6   | Reached XP level 14. HP: 13/72 MP: 20/23
 20738 | Lair:6   | Received a gift from Nemelex Xobeh
 20746 | Lair:6   | Learned a level 3 spell: Regeneration
 20813 | Lair:6   | Reached skill level 15 in Stealth
 21238 | Lair:6   | Received a gift from Nemelex Xobeh
 22131 | D:12     | Received a gift from Nemelex Xobeh
 22829 | D:13     | Found a frozen archway.
 22881 | IceCv    | Entered an ice cave
 23095 | IceCv    | Reached skill level 5 in Spellcasting
 23320 | IceCv    | Reached ****** piety under Nemelex Xobeh
 24161 | D:13     | Received a gift from Nemelex Xobeh
 24169 | D:13     | Learned a level 5 spell: Summon Forest
 24225 | D:13     | Reached XP level 15. HP: 50/77 MP: 25/25
 24282 | D:13     | Found Vaucal's Distillery.
 24291 | D:13     | Bought a potion of curing for 51 gold pieces
 24291 | D:13     | Bought a potion of heal wounds for 85 gold pieces
 24291 | D:13     | Bought 2 potions of heal wounds for 170 gold pieces
 24304 | D:13     | Bought a potion of agility for 68 gold pieces
 24304 | D:13     | Bought a potion of might for 68 gold pieces
 24304 | D:13     | Bought a potion of might for 68 gold pieces
 24453 | D:13     | Noticed Azrael
 24493 | D:13     | Killed Azrael
 24493 | D:13     | Reached skill level 1 in Summonings
 24905 | D:14     | Received a gift from Nemelex Xobeh
 25200 | D:14     | Noticed Nessos
 25208 | D:14     | Killed Nessos
 25492 | D:14     | Found a gate to the Vaults.
 25755 | D:15     | Entered Level 15 of the Dungeon
 26076 | D:15     | Reached skill level 10 in Translocations
 26106 | D:15     | Received a gift from Nemelex Xobeh
 26152 | D:15     | Found a staircase to the Depths.
 26456 | D:15     | Reached skill level 10 in Hexes
 26498 | D:15     | Learned a level 5 spell: Summon Mana Viper
 26693 | D:15     | Reached skill level 5 in Summonings
 27250 | Orc:1    | Entered Level 1 of the Orcish Mines
 27261 | Orc:1    | Noticed an orc warlord
 27261 | Orc:1    | an orc warlord changed into an emperor scorpion
 27347 | Orc:1    | Received a gift from Nemelex Xobeh
 27504 | Orc:2    | Entered Level 2 of the Orcish Mines
 27874 | Orc:2    | Upgraded the game from 0.20-a0-1074-g6a0a8e1 to 0.20-a0-1078-g4874019
 28001 | Orc:2    | Found a roughly hewn altar of Beogh.
 28180 | Orc:2    | Found Hengor's Weapon Boutique.
 28194 | Orc:2    | Found Lane's Assorted Antiques.
 28201 | Orc:2    | Bought a scroll labeled GUIPUI GUBBU for 28 gold pieces
 28207 | Orc:2    | Bought a scroll of identify for 56 gold pieces
 28455 | Orc:2    | Received a gift from Nemelex Xobeh
 28689 | Orc:2    | Reached XP level 16. HP: 80/81 MP: 27/30
 28797 | Orc:2    | Received a gift from Nemelex Xobeh
 28802 | Orc:2    | Learned a level 1 spell: Summon Butterflies
 29114 | Orc:2    | Found a staircase to the Elven Halls.
 29350 | Orc:2    | Found Mugestiu's Antique Weapon Emporium.
 29384 | Orc:2    | Bought a runed rapier for 147 gold pieces
 29409 | Orc:2    | Found Maaqufum's Antique Weapon Boutique.
 29447 | Orc:2    | Found a roughly hewn altar of Beogh.
 29902 | Elf:1    | Entered Level 1 of the Elven Halls
 29955 | Elf:1    | HP: 1/81 [water elemental (13)]
 30552 | Snake:1  | Entered Level 1 of the Snake Pit
 30593 | Snake:1  | Received a gift from Nemelex Xobeh
 30602 | Snake:1  | Noticed Kirke
 30633 | Snake:1  | Killed Kirke
 30636 | Snake:1  | Found Tuliluic's Antique Armour Shoppe.
 30764 | Snake:1  | Reached skill level 10 in Spellcasting
 30957 | Snake:1  | Noticed Nikola
 30971 | Snake:1  | HP: 2/81 [Nikola/chain lightning (6)]
 30994 | Snake:1  | Killed Nikola
 31172 | Snake:1  | Received a gift from Nemelex Xobeh
 31573 | Snake:1  | Killed from afar by a guardian serpent

Vault maps used:
D:1:      dpeg_arrival_lava_temple_mockup, serial_glass, glass_columns_a,
          glass_columns_c
D:2:      first_bread, uniq_robin
D:3:      hex_medium
D:4:      minmay_misc_feat_more_columns, tso_altar
D:5:      lightli_ossuary_entry_decrepit_ruins, minmay_fire_ice_demons
D:6:      tgw_trog, minmay_temple_entry_overgrown, kennysheep_flooded_box,
          hangedman_decor_clover_reticule, hangedman_abyss_or_decor_lesser_grid,
          uniq_edmund, uniq_prince_ribbit1
D:7:      nicolae_overflow_hidden_temple, basic_altar,
          hangedman_abyss_or_decor_stagger
D:8:      nicolae_ru_awakened_eye
D:9:      kennysheep_mini, lightli_temple_of_fire
D:10:     serial_shops, nicolae_shop_waterfront
D:11:     minmay_lair_entry_lava, kennysheep_orc_monster_closet_entryway
D:13:     statuecave_lemuel, serial_shops, shop_statue,
          portal_ice_cave_entry_imps, hangedman_ranch, uniq_azrael
D:14:     erik_vaults_2, serial_bayou_shore_b, minmay_misc_feat_square,
          uniq_nessos
D:15:     hangedman_depths_entry_try_elsewhere_first, special_room,
          serial_bayou_lagoon_a
Temple:   minmay_crystal_spiral_temple
Lair:1:   grunt_megastairs_3
Lair:2:   hangedman_what_comes_after_a, minmay_shoals_entry_hut,
          lemuel_fruit_fields
Lair:3:   special_room, uniq_gastronok, uniq_snorg
Lair:4:   guppyfry_snake_entry_island, grunt_megastairs_4
Lair:5:   dpeg_slime_entry_enclosed_altar, grunt_megastairs_5
Lair:6:   hangedman_lair_in_review, nicolae_volcano_entry_vermiform
Snake:1:  serial_shops, nicolae_shop_waterfront, serial_bayou_pond_d,
          uniq_kirke, uniq_nikola
Orc:2:    pubby_orc_utopia, serial_shops
Elf:1:    minmay_elf_arrival_plus, mu_enter_wizlab_1, serial_shops, shop
Ossuary:  ossuary_crypta
IceCv:    ice_cave_caverns_01

Skill      XL: |  1  2  3  4  5  6  7  8  9 10 11 12 13 14 15 16 |
---------------+-------------------------------------------------+-----
Stealth        | 5 6 7 11 14 15 | 15.9
Spellcasting   | 3 4 6 9 10 | 10.1
Short Blades   | 2 3 4 6 8 9 10 11 12 | 12.0
Hexes          | 4 5 7 9 11 | 11.6
Shields        | 1 |  1.8
Ice Magic      | 1 |  1.4
Fighting       | 1 2 3 6 7 8 |  8.2
Dodging        | 4 5 10 11 12 | 12.4
Invocations    | 3 5 7 9 10 11 12 | 12.4
Long Blades    | 2 |  2.0
Charms         | 5 |  5.9
Translocations | 5 8 10 11 | 11.2
Evocations     | 5 7 |  7.9
Summonings     | 6 7 |  7.6

Action                   |  1- 3 |  4- 6 |  7- 9 | 10-12 | 13-15 | 16-18 || total
-------------------------+-------+-------+-------+-------+-------+-------++-------
Melee: Dagger            |   126 |   180 |   407 |   163 |     6 |       ||   882
       Long sword        |       |       |       |   150 |    10 |     5 ||   165
       Short sword       |       |       |       |   601 |  2249 |   407 ||  3257
       Rapier            |       |       |       |       |       |    52 ||    52
 Cast: Corona            |     9 |     1 |     1 |       |       |       ||    11
       Ensorcelled Hiber |    23 |    23 |    38 |   103 |    77 |     3 ||   267
       Confuse           |       |     7 |    12 |    36 |    31 |     4 ||    90
       Shroud of Golubri |       |       |       |     4 |    57 |    15 ||    76
       Spectral Weapon   |       |       |       |       |    19 |     4 ||    23
       Dazzling Spray    |       |       |       |       |     5 |       ||     5
       Regeneration      |       |       |       |       |    15 |    10 ||    25
       Summon Forest     |       |       |       |       |     1 |     3 ||     4
       Summon Mana Viper |       |       |       |       |       |     6 ||     6
Invok: Stack Five        |       |       |       |     1 |     1 |       ||     2
       Deal Four         |       |       |       |       |     1 |     2 ||     3
       Triple Draw       |       |       |       |       |     1 |     1 ||     2
 Abil: Evoke Flight      |       |       |       |       |     1 |       ||     1
Evoke: Deck              |       |       |       |    26 |    65 |    16 ||   107
       Wand              |       |       |       |     4 |    15 |       ||    19
       Phantom mirror    |       |       |       |       |       |     1 ||     1
  Use: Scroll            |       |     2 |    12 |    14 |    17 |     2 ||    47
       Potion            |       |       |     1 |     3 |     5 |     7 ||    16
 Stab: Sleeping          |    19 |    19 |    29 |    96 |    87 |     5 ||   255
       Confused          |       |     1 |     6 |    20 |    14 |     2 ||    43
       Distracted        |       |       |       |     7 |    26 |     2 ||    35
       Invisible         |       |       |       |       |     4 |       ||     4
       Petrifying        |       |       |       |       |     1 |       ||     1
       Petrified         |       |       |       |       |     1 |       ||     1
  Eat: Fruit             |       |     3 |     2 |     3 |    11 |       ||    19
       Bread ration      |       |       |     1 |     2 |       |       ||     3
       Royal jelly       |       |       |       |     2 |     3 |     3 ||     8
Armor: Robe              |    16 |    27 |    47 |    78 |    66 |       ||   234
       Troll leather arm |       |       |       |       |   152 |    39 ||   191
Dodge: Dodged            |   122 |   129 |   284 |   686 |  1765 |   341 ||  3327
Block: Other             |       |       |       |       |       |    32 ||    32
       Reflection        |       |       |       |       |       |     1 ||     1
       Rpst.: Long sword |       |       |       |    38 |     4 |     1 ||    43
